General information
- name: BNet
- type: Ladder team game (AT/RT)
- host: Battle.net
- saver: sc2no.wc4yes
map: Cherryville
- players: 8
- length: 104:56
- speed: Fast
- version: 1.26 W3XP
- replay type: Public
» download(396 KB)
Players
team 1 (loser)

»
GLenchErviN (
red | 42 APM | 4370 actions | 104:56)
6 Crypt Lord
2 Carrion Beetles
3 Spiked Carapace
1 Locust Swarm
» actions
| Assign group hotkey | 75 | |
| Basic commands | 144 | |
| Build / train | 134 | |
| ESC pressed | 1 | |
| Enter build submenu | 25 | |
| Enter hero's abilities submenu | 6 | |
| Give item / drop item | 1 | |
| Remove unit from queue | 1 | |
| Right click | 1570 | |
| Select / deselect | 935 | |
| Select group hotkey | 1400 | |
| Use ability | 77 | |
4370 total
» units
| Acolyte | 78 | |
| Ghoul | 8 | |
| Crypt Fiend | 13 | |
| Obsidian Statue | 9 | |
108 total
» upgrades
| Creature Attack | 2 | |
| Web | 1 | |
| Burrow | 1 | |
| Destroyer Form | 1 | |
| Creature Carapace | 1 | |
6 total
» buildings
| Altar of Darkness | 1 | |
| Ziggurat | 12 | |
| Crypt | 1 | |
| Graveyard | 1 | |
| Tomb of Relics | 1 | |
| Halls of the Dead | 3 | |
| Slaughterhouse | 1 | |
| Black Citadel | 1 | |
| Spirit Tower | 2 | |
| Sacrificial Pit | 2 | |
| Necropolis | 1 | |
| Nerubian Tower | 1 | |
| Guard Tower | 2 | |
29 total
» build order
00:18 Altar of Darkness
00:20 Ziggurat
00:36 Crypt
00:58 Graveyard
01:14 Ziggurat
01:56 Tomb of Relics
03:53 Ziggurat
04:13 Halls of the Dead
04:13 Halls of the Dead
05:48 Ziggurat
06:36 Slaughterhouse
06:56 Ziggurat
08:18 Black Citadel
10:47 Ziggurat
13:22 Ziggurat
20:59 Spirit Tower
21:01 Spirit Tower
43:02 Sacrificial Pit
44:30 Necropolis
46:05 Ziggurat
46:50 Sacrificial Pit
47:25 Nerubian Tower
53:03 Ziggurat
55:40 Ziggurat
56:52 Ziggurat
57:55 Ziggurat
74:41 Guard Tower
80:03 Guard Tower
» items
AchillesLaStand (
teal | 28 APM | 2696 actions | 95:29)
5 Keeper of the Grove
3 Entangling Roots
2 Thorns Aura
4 Priestess of the Moon
2 Trueshot Aura
2 Scout
» actions
| Assign group hotkey | 29 | |
| Basic commands | 2 | |
| Build / train | 179 | |
| ESC pressed | 13 | |
| Enter build submenu | 103 | |
| Enter hero's abilities submenu | 9 | |
| Right click | 600 | |
| Select / deselect | 828 | |
| Select group hotkey | 550 | |
| Use ability | 383 | |
2696 total
» units
| Wisp | 56 | |
| Archer | 3 | |
| Huntress | 2 | |
| Chimaera | 27 | |
| Hippogryph | 11 | |
| Peasant | 12 | |
111 total
» upgrades
| Ultravision | 1 | |
| Strength of the Wild | 3 | |
| Reinforced Hides | 3 | |
| Nature's Blessing | 1 | |
| Corrosive Breath | 1 | |
| Well Spring | 1 | |
| Magic Sentry | 1 | |
11 total
» buildings
| Altar of Elders | 1 | |
| Moon Well | 10 | |
| Ancient of War | 1 | |
| Hunter's Hall | 1 | |
| Tree of Ages | 3 | |
| Tree of Eternity | 2 | |
| Ancient of Wind | 3 | |
| Tree of Life | 5 | |
| Chimaera Roost | 2 | |
| Ancient Protector | 21 | |
| Arcane Sanctum | 1 | |
| Scout Tower | 105 | |
| Guard Tower | 20 | |
| Arcane Tower | 17 | |
192 total
» build order
00:07 Altar of Elders
00:21 Moon Well
01:26 Moon Well
01:33 Ancient of War
02:22 Hunter's Hall
03:14 Moon Well
03:55 Tree of Ages
06:18 Tree of Eternity
06:20 Ancient of Wind
08:05 Moon Well
08:30 Tree of Life
09:26 Chimaera Roost
09:31 Chimaera Roost
10:31 Ancient Protector
10:32 Ancient Protector
12:14 Moon Well
13:11 Moon Well
14:11 Ancient Protector
14:27 Ancient Protector
16:20 Ancient Protector
22:20 Ancient Protector
22:23 Ancient Protector
23:51 Ancient Protector
23:54 Ancient Protector
28:54 Tree of Life
32:44 Ancient Protector
34:39 Tree of Life
34:45 Ancient Protector
34:59 Ancient Protector
37:28 Ancient Protector
39:25 Moon Well
41:32 Tree of Ages
41:38 Moon Well
47:41 Tree of Eternity
47:53 Moon Well
47:56 Moon Well
52:06 Tree of Life
52:08 Ancient Protector
52:09 Ancient Protector
52:12 Ancient Protector
52:13 Ancient Protector
54:46 Tree of Life
54:48 Ancient Protector
54:49 Ancient Protector
54:51 Ancient Protector
54:52 Ancient Protector
55:47 Arcane Sanctum
56:23 Scout Tower
56:27 Scout Tower
56:41 Scout Tower
56:45 Scout Tower
56:52 Scout Tower
56:56 Guard Tower
56:59 Scout Tower
57:06 Scout Tower
57:29 Scout Tower
57:34 Scout Tower
57:39 Scout Tower
57:42 Guard Tower
58:00 Scout Tower
58:08 Scout Tower
58:40 Scout Tower
58:47 Scout Tower
58:52 Scout Tower
58:58 Scout Tower
59:21 Scout Tower
59:24 Scout Tower
59:30 Scout Tower
59:34 Scout Tower
59:38 Scout Tower
59:44 Scout Tower
59:57 Scout Tower
60:00 Scout Tower
60:01 Scout Tower
60:02 Scout Tower
60:03 Scout Tower
60:05 Scout Tower
60:07 Scout Tower
60:08 Scout Tower
60:12 Scout Tower
60:16 Scout Tower
60:17 Scout Tower
60:19 Scout Tower
60:21 Scout Tower
60:22 Scout Tower
60:23 Scout Tower
60:30 Scout Tower
60:32 Scout Tower
60:34 Scout Tower
60:34 Scout Tower
60:36 Scout Tower
60:36 Scout Tower
60:38 Scout Tower
60:39 Scout Tower
60:48 Scout Tower
60:49 Scout Tower
60:51 Scout Tower
60:53 Scout Tower
60:54 Scout Tower
60:55 Scout Tower
60:58 Scout Tower
61:01 Scout Tower
61:04 Scout Tower
61:04 Scout Tower
61:06 Scout Tower
61:20 Scout Tower
61:22 Scout Tower
61:23 Scout Tower
61:25 Scout Tower
61:26 Scout Tower
61:27 Scout Tower
61:28 Scout Tower
61:29 Scout Tower
61:31 Scout Tower
61:32 Scout Tower
61:34 Scout Tower
61:36 Scout Tower
61:40 Scout Tower
62:04 Scout Tower
62:06 Scout Tower
62:09 Scout Tower
62:11 Scout Tower
62:15 Scout Tower
62:33 Scout Tower
62:38 Scout Tower
62:40 Scout Tower
62:41 Scout Tower
62:43 Scout Tower
62:45 Scout Tower
62:47 Scout Tower
62:50 Scout Tower
63:03 Scout Tower
63:05 Scout Tower
63:08 Scout Tower
63:43 Scout Tower
63:45 Scout Tower
63:51 Scout Tower
63:52 Scout Tower
63:56 Scout Tower
63:59 Scout Tower
64:00 Scout Tower
64:02 Scout Tower
64:06 Scout Tower
64:08 Scout Tower
64:10 Scout Tower
64:12 Scout Tower
64:16 Scout Tower
64:21 Scout Tower
64:23 Guard Tower
64:33 Guard Tower
64:37 Guard Tower
64:42 Guard Tower
64:45 Guard Tower
64:48 Guard Tower
64:51 Guard Tower
64:56 Guard Tower
65:04 Guard Tower
65:07 Guard Tower
65:11 Guard Tower
65:15 Guard Tower
65:19 Guard Tower
65:24 Guard Tower
65:30 Guard Tower
65:32 Scout Tower
65:36 Scout Tower
65:39 Scout Tower
65:46 Guard Tower
65:49 Scout Tower
65:52 Scout Tower
65:55 Guard Tower
66:03 Guard Tower
66:07 Arcane Tower
66:21 Arcane Tower
66:34 Arcane Tower
66:39 Arcane Tower
66:46 Arcane Tower
67:00 Arcane Tower
67:28 Arcane Tower
67:37 Arcane Tower
68:03 Arcane Tower
68:12 Arcane Tower
68:17 Arcane Tower
68:41 Scout Tower
69:07 Arcane Tower
69:19 Arcane Tower
70:23 Arcane Tower
71:30 Arcane Tower
71:39 Arcane Tower
75:34 Ancient of Wind
75:36 Ancient of Wind
75:59 Arcane Tower
77:28 Tree of Ages
» items
| Scroll of Town Portal | 1 | |
| Scroll of Protection | 1 | |
| Potion of Lesser Invulnerability | 1 | |
| Dust of Appearance | 1 | |
4 total
AsianBabe (
purple | 82 APM | 4061 actions | 49:39)
6 Mountain King
3 Storm Bolt
2 Bash
1 Avatar
4 Paladin
2 Holy Light
2 Divine Shield
» actions
| Assign group hotkey | 36 | |
| Basic commands | 84 | |
| Build / train | 131 | |
| ESC pressed | 1 | |
| Enter build submenu | 43 | |
| Enter hero's abilities submenu | 10 | |
| Give item / drop item | 3 | |
| Remove unit from queue | 3 | |
| Right click | 1593 | |
| Select / deselect | 608 | |
| Select group hotkey | 1415 | |
| Use ability | 134 | |
4061 total
» units
| Peasant | 9 | |
| Footman | 8 | |
| Gryphon Rider | 13 | |
| Dragonhawk Rider | 4 | |
| Siege Engine | 3 | |
37 total
» upgrades
| Lumber Harvesting | 2 | |
| Storm Hammers | 1 | |
| Swords | 1 | |
| Cloud | 1 | |
5 total
» buildings
| Altar of Kings | 1 | |
| Farm | 9 | |
| Barracks | 1 | |
| Lumber Mill | 1 | |
| Scout Tower | 18 | |
| Arcane Tower | 10 | |
| Arcane Vault | 2 | |
| Keep | 3 | |
| Town Hall | 3 | |
| Guard Tower | 24 | |
| Castle | 3 | |
| Gryphon Aviary | 3 | |
| Blacksmith | 1 | |
| Workshop | 1 | |
80 total
» build order
00:07 Altar of Kings
00:20 Farm
00:23 Barracks
01:06 Farm
01:22 Lumber Mill
01:44 Scout Tower
01:52 Farm
02:20 Arcane Tower
02:21 Arcane Tower
02:39 Arcane Vault
03:41 Keep
06:36 Town Hall
06:39 Scout Tower
06:54 Farm
07:16 Guard Tower
07:17 Guard Tower
07:17 Guard Tower
07:19 Castle
07:20 Castle
07:23 Gryphon Aviary
07:58 Gryphon Aviary
08:04 Gryphon Aviary
09:21 Blacksmith
09:38 Farm
10:27 Scout Tower
10:42 Arcane Tower
10:42 Arcane Tower
12:48 Arcane Vault
12:51 Farm
12:57 Farm
12:58 Farm
18:29 Scout Tower
18:32 Farm
19:13 Guard Tower
19:14 Guard Tower
19:16 Scout Tower
21:01 Scout Tower
21:03 Scout Tower
21:04 Scout Tower
21:07 Scout Tower
23:51 Scout Tower
23:53 Scout Tower
23:54 Scout Tower
23:57 Scout Tower
24:01 Scout Tower
24:20 Guard Tower
24:20 Guard Tower
24:24 Guard Tower
24:25 Arcane Tower
24:27 Guard Tower
24:27 Guard Tower
24:29 Guard Tower
24:30 Guard Tower
26:53 Town Hall
30:41 Scout Tower
30:44 Scout Tower
30:48 Scout Tower
30:51 Scout Tower
31:10 Arcane Tower
31:10 Arcane Tower
31:10 Arcane Tower
31:17 Guard Tower
31:18 Guard Tower
31:19 Guard Tower
31:20 Guard Tower
31:20 Guard Tower
34:22 Workshop
36:48 Town Hall
» items
| Scroll of Regeneration | 9 | |
| Lesser Clarity Potion | 3 | |
| Potion of Healing | 4 | |
| Scroll of Town Portal | 2 | |
| Staff of Sanctuary | 1 | |
19 total

»
Convict626 (
green | 24 APM | 2522 actions | 104:56)
6 Tauren Chieftain
3 Shockwave
2 Endurance Aura
1 Reincarnation
5 Shadow Hunter
3 Hex
2 Healing Wave
» actions
| Assign group hotkey | 32 | |
| Basic commands | 72 | |
| Build / train | 114 | |
| ESC pressed | 3 | |
| Enter build submenu | 60 | |
| Enter hero's abilities submenu | 12 | |
| Give item / drop item | 3 | |
| Right click | 823 | |
| Select / deselect | 650 | |
| Select group hotkey | 609 | |
| Use ability | 144 | |
2522 total
» units
| Peon | 27 | |
| Grunt | 4 | |
| Goblin Shredder | 2 | |
| Shaman | 6 | |
| Spirit Walker | 3 | |
| Tauren | 4 | |
| Troll Witch Doctor | 4 | |
| Raider | 3 | |
| Wind Rider | 3 | |
| Demolisher | 3 | |
| Goblin Zeppelin | 1 | |
60 total
» upgrades
| Melee Weapons | 3 | |
| Armor | 3 | |
| Shaman Training | 2 | |
| Spirit Walker Training | 2 | |
| Pulverize | 1 | |
| Reinforced Defenses | 1 | |
| Spiked Barricades | 3 | |
| Witch Doctor Training | 2 | |
| Pillage | 1 | |
| Ranged Weapons | 3 | |
| Ensnare | 1 | |
| Envenomed Spears | 2 | |
| War Drums Damage Increase | 1 | |
| Liquid Fire | 1 | |
| Masonry | 3 | |
| Troll Regeneration | 1 | |
| Burning Oil | 1 | |
| Berserker Upgrade | 1 | |
| Berserker Strength | 1 | |
| Backpack | 1 | |
| Animal War Training | 1 | |
35 total
» buildings
| Orc Burrow | 10 | |
| Altar of Storms | 1 | |
| Barracks | 2 | |
| Voodoo Lounge | 1 | |
| War Mill | 3 | |
| Stronghold | 1 | |
| Spirit Lodge | 2 | |
| Great Hall | 4 | |
| Fortress | 1 | |
| Tauren Totem | 2 | |
| Watch Tower | 17 | |
| Beastiary | 2 | |
| Scout Tower | 8 | |
54 total
» build order
00:09 Orc Burrow
00:53 Altar of Storms
01:07 Barracks
01:40 Orc Burrow
02:16 Voodoo Lounge
02:27 War Mill
02:58 Stronghold
03:27 War Mill
04:15 Orc Burrow
06:11 Spirit Lodge
06:23 Spirit Lodge
07:05 Great Hall
07:10 Fortress
07:15 Orc Burrow
07:21 Orc Burrow
08:42 Orc Burrow
10:25 Tauren Totem
10:28 Tauren Totem
13:34 Great Hall
17:23 Orc Burrow
18:27 Great Hall
19:18 Orc Burrow
22:33 Orc Burrow
25:29 Watch Tower
25:34 Watch Tower
25:40 Watch Tower
34:34 Watch Tower
35:36 Watch Tower
36:37 Watch Tower
36:46 Watch Tower
36:51 Watch Tower
43:26 Watch Tower
47:27 Beastiary
50:38 Beastiary
52:12 Great Hall
52:34 Watch Tower
52:35 Watch Tower
52:37 Watch Tower
52:39 Watch Tower
52:42 Watch Tower
52:47 Watch Tower
52:51 Watch Tower
52:55 Watch Tower
57:23 Scout Tower
57:36 Scout Tower
57:54 Scout Tower
58:01 Scout Tower
58:35 Scout Tower
60:18 Scout Tower
60:52 Scout Tower
61:52 Scout Tower
62:24 Orc Burrow
81:59 War Mill
83:12 Barracks
» items
| Healing Salve | 1 | |
| Scroll of Town Portal | 1 | |
| Tiny Great Hall | 1 | |
| Dust of Appearance | 1 | |
4 total
team 2 (winner)

»
T[PaiN] (
orange | 65 APM | 1291 actions | 20:00)
5 Warden
3 Shadow Strike
2 Blink
2 Priestess of the Moon
1 Trueshot Aura
1 Searing Arrows
» actions
| Assign group hotkey | 27 | |
| Basic commands | 119 | |
| Build / train | 79 | |
| ESC pressed | 3 | |
| Enter build submenu | 19 | |
| Enter hero's abilities submenu | 8 | |
| Give item / drop item | 1 | |
| Right click | 477 | |
| Select / deselect | 239 | |
| Select group hotkey | 263 | |
| Use ability | 56 | |
1291 total
» units
| Wisp | 27 | |
| Archer | 7 | |
| Huntress | 4 | |
| Dryad | 8 | |
| Rifleman | 3 | |
| Druid of the Claw | 1 | |
| Siege Engine | 2 | |
52 total
» upgrades
| Strength of the Wild | 2 | |
| Reinforced Hides | 2 | |
| Sentinel | 1 | |
| Abolish Magic | 1 | |
| Druid of the Claw Training | 2 | |
| Well Spring | 1 | |
| Barrage | 1 | |
10 total
» buildings
| Altar of Elders | 1 | |
| Moon Well | 6 | |
| Ancient of War | 1 | |
| Ancient of Wonders | 1 | |
| Hunter's Hall | 1 | |
| Tree of Life | 1 | |
| Tree of Ages | 1 | |
| Ancient of Lore | 2 | |
| Tree of Eternity | 1 | |
| Ancient Protector | 4 | |
| Ancient of Wind | 1 | |
20 total
» build order
00:13 Altar of Elders
00:20 Moon Well
01:03 Ancient of War
01:44 Moon Well
02:22 Moon Well
02:31 Ancient of Wonders
03:23 Hunter's Hall
05:15 Tree of Life
05:52 Moon Well
06:14 Tree of Ages
08:38 Ancient of Lore
08:39 Ancient of Lore
09:09 Tree of Eternity
12:05 Ancient Protector
13:03 Ancient Protector
13:06 Ancient Protector
13:10 Ancient Protector
13:29 Ancient of Wind
14:11 Moon Well
14:13 Moon Well
» items
| Lesser Clarity Potion | 1 | |
| Scroll of Town Portal | 2 | |
| Orb of Venom | 1 | |
| Potion of Healing | 1 | |
| Moonstone | 1 | |
6 total

»
sc2no.wc4yes (
blue | 24 APM | 2488 actions | 104:56)
8 Blademaster
3 Wind Walk
3 Critical Strike
1 Bladestorm
1 Mirror Image
» actions
| Assign group hotkey | 72 | |
| Basic commands | 78 | |
| Build / train | 120 | |
| ESC pressed | 8 | |
| Enter build submenu | 89 | |
| Enter hero's abilities submenu | 8 | |
| Give item / drop item | 7 | |
| Right click | 982 | |
| Select / deselect | 358 | |
| Select group hotkey | 437 | |
| Use ability | 329 | |
2488 total
» units
| Peon | 34 | |
| Goblin Shredder | 3 | |
| Goblin Zeppelin | 5 | |
| Goblin Sapper | 9 | |
| Troll Batrider | 12 | |
| Hippogryph | 4 | |
| Dryad | 5 | |
| Flying Machine | 11 | |
83 total
» upgrades
| Spiked Barricades | 2 | |
| Reinforced Defenses | 1 | |
3 total
» buildings
| Altar of Storms | 1 | |
| Orc Burrow | 7 | |
| War Mill | 1 | |
| Voodoo Lounge | 2 | |
| Stronghold | 3 | |
| Watch Tower | 61 | |
| Great Hall | 3 | |
| Fortress | 5 | |
| Beastiary | 4 | |
87 total
» build order
00:10 Altar of Storms
00:13 Orc Burrow
00:45 War Mill
01:05 Voodoo Lounge
01:35 Orc Burrow
03:44 Stronghold
03:45 Stronghold
03:45 Stronghold
04:52 Watch Tower
04:53 Watch Tower
04:54 Watch Tower
04:56 Watch Tower
04:57 Watch Tower
05:14 Watch Tower
05:17 Watch Tower
05:27 Watch Tower
05:30 Watch Tower
05:57 Great Hall
06:24 Fortress
06:24 Fortress
06:24 Fortress
08:17 Watch Tower
08:18 Watch Tower
08:19 Watch Tower
08:20 Watch Tower
09:11 Watch Tower
09:12 Watch Tower
09:13 Watch Tower
09:13 Watch Tower
09:28 Watch Tower
09:33 Orc Burrow
09:45 Watch Tower
09:46 Watch Tower
10:34 Watch Tower
10:36 Watch Tower
10:37 Watch Tower
10:51 Watch Tower
10:52 Watch Tower
10:52 Watch Tower
11:16 Watch Tower
11:19 Watch Tower
11:43 Watch Tower
11:54 Watch Tower
11:56 Watch Tower
11:57 Watch Tower
12:02 Watch Tower
12:02 Watch Tower
13:06 Watch Tower
13:06 Watch Tower
13:07 Watch Tower
13:07 Watch Tower
13:10 Watch Tower
13:10 Watch Tower
13:10 Watch Tower
13:54 Watch Tower
13:55 Watch Tower
13:55 Watch Tower
13:57 Watch Tower
14:32 Watch Tower
14:32 Watch Tower
14:32 Watch Tower
14:33 Watch Tower
14:43 Watch Tower
15:00 Orc Burrow
15:00 Orc Burrow
15:01 Orc Burrow
15:34 Watch Tower
15:35 Watch Tower
15:36 Watch Tower
15:37 Watch Tower
15:43 Beastiary
15:46 Beastiary
15:48 Beastiary
15:50 Beastiary
16:35 Watch Tower
16:40 Watch Tower
16:45 Watch Tower
16:50 Watch Tower
17:57 Watch Tower
19:48 Watch Tower
20:50 Voodoo Lounge
22:58 Great Hall
23:05 Orc Burrow
26:14 Great Hall
» items
| Lesser Clarity Potion | 4 | |
| Healing Salve | 4 | |
| Staff of Teleportation | 1 | |
| Potion of Lesser Invulnerability | 3 | |
| Orb of Venom | 1 | |
| Tiny Great Hall | 1 | |
| Scroll of Speed | 1 | |
15 total
a6a (
pink | 86 APM | 1085 actions | 12:34)
3 Mountain King
2 Storm Bolt
1 Thunder Clap
1 Paladin
1 Holy Light
» actions
| Assign group hotkey | 10 | |
| Basic commands | 114 | |
| Build / train | 103 | |
| Enter build submenu | 25 | |
| Enter hero's abilities submenu | 5 | |
| Give item / drop item | 1 | |
| Remove unit from queue | 2 | |
| Right click | 410 | |
| Select / deselect | 163 | |
| Select group hotkey | 210 | |
| Use ability | 42 | |
1085 total
» units
| Peasant | 14 | |
| Rifleman | 24 | |
| Mortar Team | 9 | |
47 total
» upgrades
| Gunpowder | 2 | |
| Masonry | 1 | |
| Long Rifles | 1 | |
| Flare | 1 | |
| Armor | 1 | |
6 total
» buildings
| Lumber Mill | 1 | |
| Altar of Kings | 1 | |
| Farm | 9 | |
| Blacksmith | 1 | |
| Barracks | 1 | |
| Scout Tower | 7 | |
| Arcane Vault | 1 | |
| Guard Tower | 16 | |
| Keep | 2 | |
| Arcane Tower | 3 | |
| Workshop | 1 | |
| Castle | 2 | |
45 total
» build order
00:25 Lumber Mill
01:07 Altar of Kings
01:21 Farm
01:37 Blacksmith
01:54 Barracks
01:58 Farm
02:05 Scout Tower
02:13 Scout Tower
02:21 Scout Tower
02:36 Arcane Vault
02:40 Farm
02:57 Farm
03:24 Guard Tower
03:24 Guard Tower
03:24 Guard Tower
03:25 Guard Tower
03:38 Farm
03:44 Guard Tower
03:45 Guard Tower
03:45 Guard Tower
03:52 Guard Tower
03:52 Guard Tower
03:53 Guard Tower
03:53 Guard Tower
03:57 Scout Tower
04:02 Scout Tower
04:24 Farm
04:39 Guard Tower
05:52 Keep
05:52 Keep
06:01 Scout Tower
06:05 Scout Tower
06:29 Guard Tower
06:35 Farm
06:37 Arcane Tower
06:38 Arcane Tower
06:38 Arcane Tower
08:14 Farm
08:27 Workshop
10:11 Farm
10:48 Castle
10:49 Castle
» items
| Scroll of Regeneration | 3 | |
| Scroll of Town Portal | 3 | |
6 total
lKN0WHATIMDOlN (
yellow | 85 APM | 1424 actions | 16:46)
4 Priestess of the Moon
2 Trueshot Aura
2 Scout
1 Paladin
1 Devotion Aura
1 Mountain King
1 Thunder Clap
» actions
| Assign group hotkey | 26 | |
| Basic commands | 38 | |
| Build / train | 70 | |
| Enter build submenu | 15 | |
| Enter hero's abilities submenu | 6 | |
| Right click | 349 | |
| Select / deselect | 275 | |
| Select group hotkey | 610 | |
| Use ability | 35 | |
1424 total
» units
| Wisp | 15 | |
| Archer | 12 | |
| Hippogryph | 8 | |
| Rifleman | 8 | |
| Flying Machine | 4 | |
47 total
» upgrades
| Improved Bows | 1 | |
| Strength of the Moon | 3 | |
| Moon Armor | 3 | |
| Hippogryph Taming | 1 | |
| Armor | 2 | |
| Gunpowder | 1 | |
| Flak Cannons | 1 | |
| Marksmanship | 1 | |
13 total
» buildings
| Moon Well | 8 | |
| Altar of Elders | 1 | |
| Ancient of War | 1 | |
| Tree of Ages | 1 | |
| Hunter's Hall | 1 | |
| Ancient of Wind | 2 | |
| Tree of Life | 1 | |
| Tree of Eternity | 1 | |
| Ancient of Wonders | 1 | |
17 total
» build order
00:09 Moon Well
00:15 Altar of Elders
00:58 Ancient of War
01:37 Moon Well
02:47 Tree of Ages
03:47 Hunter's Hall
03:59 Moon Well
05:25 Ancient of Wind
05:26 Ancient of Wind
05:56 Tree of Life
06:22 Moon Well
09:57 Tree of Eternity
10:42 Ancient of Wonders
11:26 Moon Well
11:29 Moon Well
11:38 Moon Well
11:40 Moon Well
» items
Chat log
(00:15 / Allies) T[PaiN]: sup
(00:17 / Allies) lKN0WHATIMDOlN: riders
(00:31 / All) Convict626: gl hf
(00:34 / All) sc2no.wc4yes: no
(01:42 / Allies) sc2no.wc4yes: this is a fucking do your duty map if there ever was one
(01:52 / Allies) sc2no.wc4yes: they should call 4v4 :"call of duty"
(02:56 / Allies) sc2no.wc4yes: worth it
(03:02 / Allies) T[PaiN]: ?
(07:38 / Allies) lKN0WHATIMDOlN: look out pink
(07:40 / Allies) lKN0WHATIMDOlN: bak bak
(09:30 / Allies) lKN0WHATIMDOlN: im comin
(10:24 / Allies) T[PaiN]: they got jack
(11:53 / Allies) T[PaiN]: gryphs
(12:34 / Allies) sc2no.wc4yes: get air with him
(12:49 / Allies) lKN0WHATIMDOlN: chims
(13:36 / Allies) T[PaiN]: they all going air
(13:50 / Allies) T[PaiN]: chims destroyers gryphs
(15:15 / Allies) T[PaiN]: go
(15:21 / Allies) lKN0WHATIMDOlN: need aa
(15:22 / Allies) T[PaiN]: nvm
(15:22 / Allies) sc2no.wc4yes: no
(15:22 / Allies) T[PaiN]: wait
(15:25 / Allies) sc2no.wc4yes: fight on our teowers
(15:27 / Allies) sc2no.wc4yes: cant beat that head on
(15:31 / Allies) sc2no.wc4yes: we need shitloads more aa
(15:37 / Allies) lKN0WHATIMDOlN: more aa
(15:41 / Allies) lKN0WHATIMDOlN: just get hippps plz
(15:55 / Allies) T[PaiN]: dismount
(16:15 / Allies) T[PaiN]: wo we missing
(16:16 / Allies) T[PaiN]: fuck
(16:30 / All) lKN0WHATIMDOlN: gr8 units blue
(16:36 / All) lKN0WHATIMDOlN: idiot fuk
(16:40 / Allies) T[PaiN]: yeah wtf
(16:44 / All) lKN0WHATIMDOlN: noob bitch
(16:48 / All) AsianBabe: yah, he is funny
(16:54 / All) sc2no.wc4yes: i guess i didnot answer the call of duty
(17:01 / All) sc2no.wc4yes: no achievements were earned this game
(17:04 / All) T[PaiN]: all u did was mass towers
(17:55 / Allies) T[PaiN]: gold
(18:22 / Allies) T[PaiN]: i need gold
(18:40 / Allies) T[PaiN]: if u can take out the air
(18:42 / Allies) T[PaiN]: we can do this i thikn
(19:53 / All) T[PaiN]: sigh
(19:58 / All) T[PaiN]: cant win with someone who doesnt build units
(19:59 / All) T[PaiN]: gg
(20:01 / All) Convict626: all thanks to blue
(20:12 / All) AchillesLaStand: gg noob blue
(20:19 / All) GLenchErviN: he made bats
(20:21 / All) GLenchErviN: gj
(20:26 / All) sc2no.wc4yes: say that to my face not online fucker and see what happens
(20:35 / All) GLenchErviN: HARDASS
(21:49 / All) Convict626: eat it
(24:00 / All) AchillesLaStand: gg noobs
(28:09 / All) sc2no.wc4yes: time to myke my peosn drink the coolaid
(36:00 / All) sc2no.wc4yes: you guys on a smoke break or something?
(36:15 / All) AchillesLaStand: gg noob
(37:23 / All) GLenchErviN: hows that map hack bro
(38:28 / All) AchillesLaStand: thanks for upgrading to fortified noob
(38:48 / All) sc2no.wc4yes: you throw that word around a lot for a guy that hides in the 4v4 gametype
(38:56 / All) sc2no.wc4yes: wghere he can still win almost half his games without breaking 30 apm
(38:59 / All) Convict626: leave
(39:05 / All) sc2no.wc4yes: no my blade man is still alive
(39:08 / All) AchillesLaStand: says the guy mass towering
(39:10 / All) sc2no.wc4yes: i stay til he dies
(39:13 / All) Convict626: no one cares
(39:14 / All) AsianBabe: you loes
(39:14 / All) AchillesLaStand: gg noob
(39:18 / All) GLenchErviN: 30 apm huh
(39:30 / All) AsianBabe: you lose, that's the result
(39:44 / All) sc2no.wc4yes: yeah but like sinatra says
(39:46 / All) sc2no.wc4yes: i did it my way
(39:55 / All) AchillesLaStand: backdoor?
(40:03 / All) Convict626: FAIL
(40:04 / All) GLenchErviN: nice bladestorm
(40:08 / All) AchillesLaStand: LOLZ
(40:14 / All) AchillesLaStand: noob!!!!!!!111
(40:34 / All) Convict626: run forest run
(40:35 / All) sc2no.wc4yes: u will never catch him
(40:54 / All) AchillesLaStand: dont need to
(40:57 / All) AchillesLaStand: you lose
(41:55 / All) GLenchErviN: lol you map hack pretty good
(42:03 / All) sc2no.wc4yes: its called animal instincts
(42:11 / All) GLenchErviN: yah im sure
(42:12 / All) AchillesLaStand: lol noob maphacker who cant win
(42:22 / All) sc2no.wc4yes: i have never lost a solo game
(42:35 / All) GLenchErviN: doubt that
(42:48 / All) AsianBabe: ya, he thought he is good
(43:00 / All) sc2no.wc4yes: i openly challenge any 1 of you to 1v1
(43:04 / All) sc2no.wc4yes: with or without fog of war enabled
(43:17 / All) GLenchErviN: yeah you're a douche
(43:22 / All) sc2no.wc4yes: i think ull find in the real wc3 game
(43:24 / All) sc2no.wc4yes: in solo
(43:30 / All) sc2no.wc4yes: u cant get by with "meet and hit" tactics
(43:40 / All) sc2no.wc4yes: you would have to actualyl use both hands
(44:57 / All) sc2no.wc4yes: i feel like im playing vs one guy on his 4 laptops
(45:05 / All) sc2no.wc4yes: and he just got an important call about a family member in the hospital
(45:23 / All) GLenchErviN: you're also hacking
(45:27 / All) GLenchErviN: like a nigger
(45:36 / All) sc2no.wc4yes: 1v1 me with no fog
(45:39 / All) sc2no.wc4yes: no hack excuse
(45:48 / All) AchillesLaStand: that's hacking dumbfuck
(45:56 / All) GLenchErviN: yeah ill trust you
(46:05 / All) sc2no.wc4yes: you guys have never even done a custom 1v1
(46:07 / All) sc2no.wc4yes: in 10 years
(46:08 / All) sc2no.wc4yes: lmao
(46:13 / All) sc2no.wc4yes: theres a setting to disable fog for all players
(46:28 / All) AsianBabe: which is not allowed in WCG
(46:30 / All) sc2no.wc4yes: 10 years of making your shitty 3-6 tier 1 units and meeting to "rush"
(46:41 / All) AsianBabe: or any other professional game
(46:45 / All) GLenchErviN: sounds like you're mad
(47:00 / All) sc2no.wc4yes: sounds like youve given up on any kind of a reasonable discussion
(47:19 / All) GLenchErviN: why do you need to hack?
(47:36 / All) sc2no.wc4yes: i assure you i have mastered the "meet and hit" style of play
(47:57 / All) sc2no.wc4yes: hacking helps me run around with a bm and have fun
(48:05 / All) sc2no.wc4yes: if i were out for wins i woudl just get fiends every game
(48:05 / All) AchillesLaStand: i assure you we dont care
(48:13 / All) sc2no.wc4yes: thats why youre prolonging the game
(48:19 / All) sc2no.wc4yes: to try and win a hopeless chat war
(48:22 / All) sc2no.wc4yes: or kill my bm
(48:29 / All) sc2no.wc4yes: lol even if you caught it i would just leave at the last second
(49:42 / All) sc2no.wc4yes: lol
(49:45 / All) Convict626: wow
(51:08 / All) sc2no.wc4yes: you know this is supposed to be a realtime strategy game
(51:14 / All) sc2no.wc4yes: not a hack and slash
(51:33 / All) sc2no.wc4yes: when you do the same thing every game in a strategy game something is wrong
(51:59 / All) GLenchErviN: this is one game
(52:17 / All) sc2no.wc4yes: u guys cant even catch a bm
(52:20 / All) sc2no.wc4yes: just give up and kill my tower
(53:50 / All) sc2no.wc4yes: wards last 10 minutes
(53:53 / All) sc2no.wc4yes: and you guys are so fat fingered
(53:57 / All) sc2no.wc4yes: that by the time you set 15 of them
(54:00 / All) sc2no.wc4yes: the first one is already running out
(54:20 / All) Convict626: name calling. what a way to go
(54:29 / All) GLenchErviN: yeah im like 400 lbs
(54:50 / All) GLenchErviN: you're an internet hardass
(54:59 / All) sc2no.wc4yes: what have i said thats hardass
(59:32 / All) sc2no.wc4yes: the most elusive of prey
(61:15 / All) sc2no.wc4yes: what if the bm was like wile e. coyote
(61:19 / All) sc2no.wc4yes: And every time he windwalked
(61:22 / All) sc2no.wc4yes: he had to rev up his feet
(61:24 / All) sc2no.wc4yes: for like a second
(63:44 / All) Convict626: eventually we will find you and the slaughter will be glorious
(63:55 / All) sc2no.wc4yes: i will never die
(64:11 / All) Convict626: that's what you think
(68:58 / All) sc2no.wc4yes: my bm stays eternal
(71:45 / All) Convict626: the osama bin laden manhunt wasn't as intensive as this
(71:55 / All) sc2no.wc4yes: osama is no match for me
(72:07 / All) sc2no.wc4yes: im level 8
(72:40 / All) sc2no.wc4yes: if one of you left right now and watched the replay on 8x speed, he could see whre im hiding
(72:43 / All) sc2no.wc4yes: and whisper the others
(73:10 / All) sc2no.wc4yes: just a suggestion
(74:18 / All) Convict626: blue, come to the middle. I'll let you kill some of my units so you can level up
(75:33 / All) sc2no.wc4yes: not gonna fall for it
(76:15 / All) sc2no.wc4yes: i am the reigning champ of warcraft 3 hide and go seek
(79:08 / All) sc2no.wc4yes: its not too late to do the replay thing
(79:17 / All) sc2no.wc4yes: then at least one of you will find me
(86:41 / All) Convict626: gonna burn down the forest to flush you out
(87:30 / All) sc2no.wc4yes: what makes you think im in the forest
(88:42 / All) sc2no.wc4yes: green is not doing his share of scouting
(89:29 / All) sc2no.wc4yes: uy guys have school or work tomorrow?
(89:35 / All) sc2no.wc4yes: maybe you better just give up
(89:55 / All) sc2no.wc4yes: i mean, sure, you invested 30 minutes of effort into the search
(89:58 / All) sc2no.wc4yes: but its time to cut your losses
(90:22 / All) Convict626: by that do you mean destroy your last tower?
(91:00 / All) sc2no.wc4yes: yes
(91:14 / All) sc2no.wc4yes: admit defeat in the search, claim victory in the 4v4 match
(91:37 / All) GLenchErviN: just browsin reddit
(92:31 / All) sc2no.wc4yes: you should at least weaken the tower some
(92:35 / All) sc2no.wc4yes: so when you finally get fed up
(92:39 / All) sc2no.wc4yes: it will take one swift attack to kill it
(94:25 / All) sc2no.wc4yes: your gul is getitng brutalized
(95:34 / All) sc2no.wc4yes: another one bites the dust
(101:11 / All) sc2no.wc4yes: you know what woudl be funny
(101:16 / All) sc2no.wc4yes: if you killed all your teams buildings
(101:18 / All) sc2no.wc4yes: and gave me the win
(101:24 / All) sc2no.wc4yes: and the other guy came bnack from afk to a defeat
(101:45 / All) sc2no.wc4yes: did teal asay anyting before he left
(101:54 / All) sc2no.wc4yes: i bet his mom screamed at him and he had to QQ real quick
(103:41 / All) sc2no.wc4yes: im gonna have to go afk in a minut
(103:45 / All) sc2no.wc4yes: i need my sleep
(103:50 / All) sc2no.wc4yes: good night and good luck
(103:56 / All) Convict626: i guess since you killed the hero
(104:02 / All) Convict626: nothing to look for
(104:08 / All) sc2no.wc4yes: lol
(104:13 / All) sc2no.wc4yes: about time you figured it out
(104:19 / All) sc2no.wc4yes: nice search though
(104:22 / All) sc2no.wc4yes: i commend your effort
(104:31 / All) Convict626: clever I will ive you that
(104:32 / All) Convict626: give
(104:54 / All) Convict626: down to the wire now